 Dungeon Sprint DCSS version 0.29-a0-119-g4040846114 (webtiles) character file.

Game seed: 285139532261653585

290 mhtbhm the Arsonist (level 6, -13/32 HPs)
             Began as a Deep Elf Fire Elementalist on Feb 19, 2022.
             Was a Believer of Vehumet.
             Mangled by a polar bear (23 damage)
             ... in the Dungeon (Sprint V: "Ziggurat Sprint").
             The game lasted 00:01:54 (191 turns).

mhtbhm the Arsonist (Deep Elf Fire Elementalist)     Turns: 191, Time: 00:01:55

Health: -13/32     AC:  5    Str:  5    XL:     6   Next: 9%
Magic:  7/19       EV: 14    Int: 34    God:    Vehumet [**....]
Gold:   0          SH:  0    Dex: 15    Spells: 11/21 levels left

rFire   + . .      SeeInvis .   r - +8 lance "Wyrmbane" {slay drac, rPois rF+ rC+ AC+3}
rCold   + . .      Faith    .   (no shield)
rNeg    . . .      Spirit   .   a - +0 robe
rPois   +          Reflect  .   (no helmet)
rElec   .          Harm     .   (no cloak)
rCorr   .          Rampage  .   (no gloves)
Will    .....      NoTele   +   (no boots)
Stlth   +++.......              (no amulet)
HPRegen 0.10/turn               u - +6 ring of intelligence
MPRegen 0.16/turn               v - +6 ring of intelligence

@: no status effects
A: no striking features
a: Renounce Religion


You were in the Dungeon.
You worshipped Vehumet.
Vehumet was pleased with you.
You visited 1 branch

Inventory:

Hand Weapons
 r - the +8 lance "Wyrmbane" (weapon) {slay drac, rPois rF+ rC+ AC+3}
   (You found it in the Dungeon)

   It inflicts extra damage against dragons and draconians.
   AC:        It affects your AC (+3).
   rF:        It protects you from fire.
   rC:        It protects you from cold.
   rPois:     It protects you from poison.
Armour
 a - a +0 robe (worn)
Jewellery
 u - a +6 ring of intelligence (left hand)
 v - a +6 ring of intelligence (right hand)
Wands
 s - a wand of polymorph (9)
 y - a wand of mindburst (7)
 z - a wand of iceblast (5)
 A - a wand of acid (7)
Scrolls
 g - 4 scrolls of blinking
 m - 4 scrolls of amnesia
 n - 7 scrolls of fog
 o - a scroll of holy word
 p - 5 scrolls of identify
 q - 2 scrolls of fear
Potions
 b - 10 potions of curing
 c - 9 potions of heal wounds
 d - 6 potions of haste
 e - 7 potions of magic
 f - 3 potions of berserk rage
 h - 2 potions of brilliance
 i - 2 potions of invisibility
 j - 4 potions of resistance
 k - a potion of experience
 l - 5 potions of might
Miscellaneous
 B - a lightning rod (4/4)


   Skills:
 + Level 6.0 Dodging
 + Level 6.0 Stealth
 + Level 8.0 Spellcasting
 + Level 2.3 Conjurations
 + Level 10.7 Fire Magic
 + Level 0.7 Evocations


You had 11 spell levels left.
You knew the following spells:

 Your Spells              Type           Power      Damage    Failure   Level
a - Foxfire               Conj/Fire      100%       2x1d9     1%          1
b - Scorch                Fire           100%       2d10      1%          2
c - Inner Flame           Hex/Fire       50%        N/A       1%          3
d - Flame Wave            Conj/Fire      55%        2d11      2%          4

Your spell library contained the following spells:

 Spells                   Type           Power      Damage    Failure   Level
 Shock                    Conj/Air       84%        1d8       1%          1
 Conjure Flame            Conj/Fire      55%        6-21      1%          3
 Sandblast                Erth           26%        2d8       3%          1
 Passwall                 Tmut/Erth      10%        N/A       4%          2
 Stone Arrow              Conj/Erth      42%        3d9       6%          3


Dungeon Overview and Level Annotations

Branches:
Dungeon (1/1)

Altars:
Ashenzari
Cheibriados
Dithmenos
Elyvilon
Fedhas
Gozag
Hepliaklqana
Kikubaaqudgha
Makhleb
Nemelex Xobeh
Okawaru
Qazlal
Ru
Sif Muna
Trog
Uskayaw
Vehumet
Wu Jian
Xom
Yredelemnul
Zin
The Shining One
Beogh
Jiyva
Lugonu

Annotations:
D 1 transporter


Message History

The polar bear closely misses you.
The polar bear claws you but does no damage.
Your Dodging skill increases to level 6!
Your Stealth skill increases to level 6!
Your Spellcasting skill increases to level 8!
Your Fire Magic skill increases to level 10!
You have reached level 6!
Casting: Flame Wave (quite dangerous; 2% risk of failure)
Confirm with . or Enter, or press ? or * to list all spells.
The spell is quite dangerous to miscast (2% risk of failure)!
Continue anyway?
Okay, then.
Casting: Flame Wave (quite dangerous; 2% risk of failure)
Confirm with . or Enter, or press ? or * to list all spells.
The spell is quite dangerous to miscast (2% risk of failure)!
Continue anyway?
Casting: Flame Wave (quite dangerous; 2% risk of failure)
Press: ? - help, Dir - look around, f - activate A wave of flame ripples out!
The flame wave engulfs the polar bear but does no damage.
The polar bear is heavily wounded. (Press . to intensify the flame waves.)
The polar bear misses you.
The polar bear claws you but does no damage.
The polar bear closely misses you.
Unknown command.
Unknown command.
A wave of flame ripples out!
The flame wave engulfs the polar bear!
The polar bear is heavily wounded.
The polar bear bites you!
Ouch! That really hurt!
The polar bear misses you. The polar bear claws you.
A wave of flame ripples out!
The flame wave engulfs the polar bear!
The polar bear is almost dead.
You finish channelling waves of flame.
The polar bear goes berserk!
The polar bear bites you. The polar bear closely misses you.
The polar bear claws you but does no damage.
Unknown command.
The polar bear misses you. The polar bear closely misses you. x2
The polar bear bites you!!
Ouch! That really hurt!
You die...

▓▓▓▓▓▓▓▓▓▓▓▓▓▓▓▓▓▓▓
▓.8©8.▓.8©8.▓.8©8.▓
▓.?)=.▓.[|[.▓.....▓
▓..|..▓...†.▓.)...▓
▓.....▓.....▓..)).▓
▓.....▓.....▓.....▓
▓...h.▓.....▓..©..▓
▓..@..▓..©..▓▓▓▓▓▓▓
▓▓▓▓▓▓▓▓▓▓▓▓▓


You could see a polar bear (berserk).

Vanquished Creatures
  Sigmund (D)
  An ice beast (D)
  Jessica (D)
  2 adders (D)
  A ball python (D)
  A ball python simulacrum (D)
  A bat simulacrum (D)
8 creatures vanquished.

Vanquished Creatures (others)
  12 foxfires (D)
12 creatures vanquished.

Grand Total: 20 creatures vanquished

Notes
Turn   | Place    | Note
-------+----------+-------------------------------------------
     0 | D        | mhtbhm the Deep Elf Fire Elementalist began the quest for
                  | the Orb.
     0 | D        | Reached XP level 1. HP: 10/10 MP: 6/6
     0 | D        | Found a shimmering blue altar of Sif Muna.
     0 | D        | Found a bloodstained altar of Trog.
     0 | D        | Found a sacrificial altar of Ru.
     0 | D        | Found a stormy altar of Qazlal.
     0 | D        | Found an iron altar of Okawaru.
     1 | D        | Found a sparkling altar of Nemelex Xobeh.
     1 | D        | Found a blossoming altar of Fedhas.
     1 | D        | Found the +6 Majin-Bo {vamp, MP+6 Int+6}
     1 | D        | Found the +9 heavy crossbow "Sniper" {vorpal, Acc+∞ SInv}
     1 | D        | Found the +10 dark maul {vorpal}
     1 | D        | Found the +15 Maxwell's patent armour {-Cast -Tele rElec
                  | Will+ rCorr}
     1 | D        | Found the +18 shield of the Gong {rElec rN+ Will+ EV-5}
     1 | D        | Found the +14 obsidian axe {vorpal, Mesm Drain Fly SInv}
     1 | D        | Found the +7 great mace "Firestarter" {inner flame, rF++}
     1 | D        | Found the +6 shillelagh "Devastator" {shatter}
     1 | D        | Found the +11 plutonium sword {Contam Stlth-}
     1 | D        | Found the +8 lance "Wyrmbane" {slay drac, rPois rF+ rC+
                  | AC+3}
     1 | D        | Found the +9 sword of Zonguldrok {reap}
     1 | D        | Found the +13 scythe of Curses {drain, Drain}
     1 | D        | Found the +5 sword of Power {vorpal}
     1 | D        | Found the +7 mace of Variability {chain chaos}
     1 | D        | Found the +7 Singing Sword {vorpal, sonic wave}
     1 | D        | Found the +8 storm bow {elec, penet}
     3 | D        | Found a transporter.
     3 | D        | Found an ancient bone altar of Kikubaaqudgha.
     3 | D        | Found a viscous altar of Jiyva.
     3 | D        | Found a corrupted altar of Lugonu.
     3 | D        | Found a hazy altar of Hepliaklqana.
     3 | D        | Found a burning altar of Makhleb.
     3 | D        | Found an opulent altar of Gozag.
    25 | D        | Became a worshipper of Vehumet
    53 | D        | Entered arena 2.
    53 | D        | Found the +8 whip "Snakebite" {venom, curare, rPois}
    53 | D        | Noticed Sigmund
    53 | D        | Noticed Jessica
    53 | D        | Found a transporter.
    55 | D        | Killed Jessica
    56 | D        | Reached skill level 5 in Fire Magic
    56 | D        | Reached XP level 2. HP: 11/15 MP: 6/9
    56 | D        | Killed Sigmund
    57 | D        | Reached skill level 5 in Dodging
    57 | D        | Reached skill level 5 in Stealth
    57 | D        | Reached skill level 9 in Fire Magic
    57 | D        | Reached XP level 3. HP: 14/19 MP: 6/13
    57 | D        | Reached XP level 4. HP: 18/24 MP: 6/15
    57 | D        | Reached XP level 5. HP: 21/28 MP: 6/16
   143 | D        | Learned a level 2 spell: Scorch
   147 | D        | Learned a level 3 spell: Inner Flame
   152 | D        | Learned a level 4 spell: Flame Wave
   152 | D        | Entered arena 3.
   152 | D        | Found a transporter.
   154 | D        | Reached * piety under Vehumet
   154 | D        | Offered knowledge of Shock by Vehumet.
   182 | D        | Entered arena 4.
   182 | D        | Noticed an ice beast
   182 | D        | Noticed a polar bear
   182 | D        | Found a transporter.
   184 | D        | Reached ** piety under Vehumet
   186 | D        | Killed an ice beast
   187 | D        | Reached skill level 10 in Fire Magic
   187 | D        | Reached XP level 6. HP: 32/32 MP: 12/19
   191 | D        | Mangled by a polar bear

Illustrated notes

Levels and vault maps discovered:
D:        sprint_v [room_start, room_1, room_2, room_3, room_4, room_5, room_6,
          room_7, room_8, room_9, room_10, room_11, room_12, room_13, room_14,
          room_15, room_16, room_17, room_18, room_19, room_20, room_21,
          room_22, room_23, room_24, room_25, room_26, room_27]

Skill      XL: |  1  2  3  4  5 |
---------------+----------------+-----
Dodging        | 3 5 6 |  6.0
Stealth        | 3 5 6 |  6.0
Spellcasting   | 4 7 8 |  8.0
Fire Magic     | 5 9 10 | 10.7
Conjurations   | 2 |  2.3
Evocations     | |  0.7

Action                   |  1- 3 |  4- 6 || total
-------------------------+-------+-------++-------
 Cast: Foxfire           |       |     6 ||     6
       Flame Wave        |       |     2 ||     2
Evoke: Wand              |     2 |       ||     2
  Use: Potion            |     1 |       ||     1
Armor: Robe              |       |     3 ||     3
Dodge: Dodged            |     1 |     9 ||    10

Table legend: (Time is in decaauts)
 A = Elapsed time spent in this place.
 B = Non-inter-level travel time spent in this place.
 C = Inter-level travel time spent in this place.
 D = Time resting spent in this place.
 E = Time spent auto-exploring this place.
 F = Levels seen in this place.
 G = Mean time per level.
                   A        B        C        D        E       F      G
               +--------+--------+--------+--------+--------+-----+--------+
         Total |    189 |    189 |      0 |     84 |      0 |   1 |  189.0 |
       Dungeon |    189 |    189 |      0 |     84 |      0 |   1 |  189.0 |
               +--------+--------+--------+--------+--------+-----+--------+

Top non-repeatable levels by time:
       D: 189 daAuts
